 Dungeon Crawl Stone Soup version 0.31-a0-236-g9a0961fb85 (webtiles) character file.

Game seed: 5742017806937553593

65 qw the Shooter (level 3, -3/29 HPs)
             Began as a Minotaur Hexslinger on July 10, 2023.
             Slain by an orc
             ... wielding a +0 mace
              (6 damage)
             ... on level 3 of the Dungeon.
             The game lasted 00:00:34 (1471 turns).

qw the Shooter (Minotaur Hexslinger)                Turns: 1471, Time: 00:00:35

Health: -3/29      AC:  3    Str: 12    XL:     3   Next: 94%
Magic:  3/3        EV: 12    Int: 10    God:
Gold:   74         SH:  0    Dex: 20    Spells: 3/4 levels left

rFire   . . .        Y - +1 sling
rCold   . . .        (no shield)
rNeg    . . .        d - +0 leather armour
rPois   .            (helmet restricted)
rElec   .            (no cloak)
rCorr   +            (no gloves)
SInv    .            (no boots)
Will    .....        (no amulet)
Stlth   +            e - ring of resist corrosion
HPRegen 0.24/turn    h - +6 ring of dexterity
MPRegen 0.08/turn

%: no passive effects
@: no status effects
A: horns 2, retaliatory headbutt
a: no special abilities


You were on level 3 of the Dungeon.
You visited 1 branch of the dungeon, and saw 3 of its levels.

You collected 74 gold pieces.


Innate Abilities, Weirdness & Mutations

You have a pair of horns on your head.
You reflexively headbutt those who attack you in melee.


   Skills:
 - Level 2.0 Fighting
 + Level 4.4 Ranged Weapons
 - Level 2.1 Dodging
 - Level 1.0 Spellcasting
 - Level 2.0 Hexes


You had 3 spell levels left.
You knew the following spells:

 Your Spells              Type           Power      Damage    Failure   Level
a - Slow                  Hex            16%        N/A       19%         1

Your spell library contained the following spells:

 Spells                   Type           Power      Damage    Failure   Level
 Inner Flame              Hex/Fire       2%         N/A       65%         3
 Portal Projectile        Hex/Tloc       4%         N/A       65%         3
 Cause Fear               Hex            2%         N/A       88%         4

Inventory:

Hand Weapons
 Y - a +1 sling (weapon)
Armour
 d - a +0 leather armour (worn)
Jewellery
 e - a ring of resist corrosion (left hand)
 h - a +6 ring of dexterity (right hand)
Scrolls
 a - a scroll of identify
 b - a scroll of brand weapon {unknown}
Potions
 c - a potion of haste
 f - a potion of attraction {unknown}
 g - a potion of curing

Dungeon Overview and Level Annotations

Branches:
Dungeon (3/15)

Altars:
Cheibriados

Shops:
D:1 !=!:


Message History

You see here a +0 rapier.
Found Ozocubu's Autobiography.
Found a stone staircase leading down.
You now have 74 gold pieces (gained 8).
b - a scroll labelled ZYEHAR IMPONG
There is a stone staircase leading down here.
Found a stone staircase leading up.
An orc priest, 2 orcs and an endoplasm come into view.
Found a smoky grey potion, 9 gold pieces and a robe.
You shoot a sling bullet. The sling bullet hits the endoplasm.
You kill the endoplasm!
The orc priest shouts!
The orc shouts!
You hear a shout!
You shoot a sling bullet. The orc shouts!
The sling bullet hits the orc.
The orc is lightly wounded.
You shoot a sling bullet. The sling bullet hits the orc.
The orc is severely wounded.
You shoot a sling bullet. The sling bullet hits the orc priest.
The orc priest is lightly wounded.
An orc comes into view. It is wielding a +0 club.
You shoot a sling bullet. The sling bullet hits the orc priest.
The orc priest is moderately wounded.
The orc priest calls down the wrath of Beogh upon you.
Beogh smites you!
You shoot a sling bullet.
The sling bullet closely misses the orc priest.
The orc priest closely misses you.
You shoot a sling bullet.
The sling bullet closely misses the orc priest.
The sling bullet barely misses the orc.
You shoot a sling bullet. The sling bullet hits the orc.
The orc is heavily wounded.
The orc priest invokes the aid of Beogh against you.
Beogh smites you!
You shoot a sling bullet. The sling bullet hits the orc.
The orc is heavily wounded.
The orc priest invokes the aid of Beogh against you.
Pain shoots through your body! The orc hits you with a +0 mace.
You die...

###### ###...$###
#........
#...oo.##
#..oo@.<#
#...#.#.# # ...!.
#.# # .#.#P .[$.
#.# ..#PP7 ...
#.###.P..PPP# ..
#...#...77..
.....####.#.P77P.#
........>.P77PP.#
....####..P77..#


You could see an orc priest and 3 orcs.

Vanquished Creatures
  2 adders (D:2)
  2 dart slugs
  A bat (D:1)
  8 endoplasms
  4 giant cockroaches
  4 goblins
  4 hobgoblins
  8 kobolds
  A ball python (D:2)
  4 frilled lizards
  3 rats
41 creatures vanquished.

Notes
Turn   | Place    | Note
-------+----------+-------------------------------------------
     0 | D:1      | qw the Minotaur Hexslinger began the quest for the Orb.
     0 | D:1      | Reached XP level 1. HP: 16/16 MP: 1/1
     0 | D:1      | 0 ||| qw: Version: 0.3-a-52-g30416fa
     0 | D:1      | 0 ||| qw: Game counter: 4559
     0 | D:1      | 0 ||| qw: Melee chars always use a shield: true
     0 | D:1      | 0 ||| qw: God list: Okawaru
     0 | D:1      | 0 ||| qw: Allow faded altars: false
     0 | D:1      | 0 ||| qw: Do Orc after clearing Dungeon:15 true
     0 | D:1      | 0 ||| qw: Do second Lair branch before Depths: true
     0 | D:1      | 0 ||| qw: Lair rune preference: random
     0 | D:1      | 0 ||| qw: Goals: Normal
     0 | D:1      | 0 ||| PLANNING D:1-11
    61 | D:1      | Found Pedooxza's Book Emporium.
   157 | D:1      | Found Midipou's Distillery.
   171 | D:1      | 171 ||| SHOPLISTING potion of curing (39 gold, have 0).
   171 | D:1      | 171 ||| SHOPLISTING potion of enlightenment (65 gold, have
                  | 0).
   171 | D:1      | 171 ||| SHOPLISTING potion of haste (130 gold, have 0).
   171 | D:1      | 171 ||| SHOPLISTING potion of might (52 gold, have 0).
   187 | D:1      | Reached skill level 3 in Ranged Weapons
   188 | D:1      | Reached XP level 2. HP: 13/23 MP: 2/2
   510 | D:1      | Found Puruunoa's Jewellery Shoppe.
   517 | D:1      | 517 ||| SHOPLISTING +4 ring of slaying (780 gold, have 27).
   517 | D:1      | 517 ||| SHOPLISTING amulet of reflection (300 gold, have
                  | 27).
   517 | D:1      | 517 ||| SHOPLISTING ring of fire (250 gold, have 27).
   517 | D:1      | 517 ||| SHOPLISTING ring of positive energy (200 gold, have
                  | 27).
   517 | D:1      | 517 ||| SHOPLISTING ring of protection from cold (250 gold,
                  | have 27).
   517 | D:1      | 517 ||| SHOPLISTING ring of resist corrosion (200 gold,
                  | have 27).
   565 | D:1      | Found Jecefeg's Distillery.
   568 | D:1      | 568 ||| SHOPLISTING potion of enlightenment (60 gold, have
                  | 27).
   568 | D:1      | 568 ||| SHOPLISTING potion of haste (120 gold, have 27).
   568 | D:1      | 568 ||| SHOPLISTING potion of heal wounds (60 gold, have
                  | 27).
   568 | D:1      | 568 ||| SHOPLISTING potion of might (48 gold, have 27).
   620 | D:1      | 620 ||| UPGRADING to +0 leather armour.
   630 | D:1      | 630 ||| DROPPING +0 robe.
   631 | D:1      | 631 ||| UPGRADING to ring of resist corrosion.
   632 | D:1      | 632 ||| READING scroll labelled SOGELE NIUC.
   633 | D:1      | 633 ||| DROPPING scroll of poison.
   653 | D:2      | Reached XP level 3. HP: 29/29 MP: 3/3
   665 | D:2      | Found a snail-covered altar of Cheibriados.
  1009 | D:2      | Reached skill level 4 in Ranged Weapons
  1379 | D:2      | 1379 ||| UPGRADING to +6 ring of dexterity.
  1380 | D:2      | 1380 ||| READING scroll labelled OWEOGE SACAEPHE.
  1381 | D:2      | 1381 ||| READING scroll labelled LAUHOT OLANIV.
  1382 | D:2      | 1382 ||| DRINKING 2 bubbling grey potions.
  1383 | D:2      | 1383 ||| READING 2 scrolls of identify.
  1383 | D:2      | 1383 ||| IDENTIFYING purple potion
  1470 | D:3      | HP: 7/29 [orc priest/divine providence (9)]
  1471 | D:3      | HP: 3/29 [orc priest/nerve-wracking pain (4)]
  1471 | D:3      | Slain by an orc

Levels and vault maps discovered:
D:1:      psy_arrival_basics, layout_basic, serial_shops, shop_fountains, shop,
          nicolae_shop_real_fake_doors, nicolae_shop_advertising_works
          [nicolae_subvault_shop_adworks], serial_bayou_crossing
D:2:      layout_basic, basic_altar, st_stairs_13
D:3:      layout_basic, serial_forest, infiniplex_forest_lined_corner,
          infiniplex_forest_end_3, infiniplex_forest_clump_diagonal,
          infiniplex_forest_clump_double, infiniplex_forest_end_1,
          wad_floor_pattern_untrapped, grunt_decor_resistance

Skill      XL: |  1  2  3 |
---------------+----------+-----
Ranged Weapons | 3 4 |  4.4
Fighting       | 2 |  2.0
Dodging        | |  2.1
Spellcasting   | |  1.0
Hexes          | |  2.0

Action                     || total
---------------------------++-------
   Fire: Sling             ||   117
    Use: Scroll            ||     4
         Potion            ||     1
 Armour: Robe              ||     3
         Leather armour    ||    11
  Dodge: Dodged            ||    23

Table legend:
 A = Non-vault XP
 B = Vault XP
 C = Vault XP percentage of total XP
 D = Non-vault monster count
 E = Vault monster count
 F = Vault count percentage of total count
                 A         B        C        D         E       F
            +---------+---------+-------+---------+---------+-------
      Total |      90 |       4 |   4.3 |      39 |       2 |   4.9
            +---------+---------+-------+---------+---------+-------
        D:1 |      38 |       0 |   0.0 |      20 |       0 |   0.0
        D:2 |      50 |       4 |   7.4 |      18 |       2 |  10.0
        D:3 |       2 |       0 |   0.0 |       1 |       0 |   0.0
            +---------+---------+-------+---------+---------+-------
